 Dungeon Crawl Stone Soup version 0.26-a0-639-g72c4674329 (webtiles) character file.

Game seed: 18223391914630828582

159 Lanoc the Ducker (level 5, -5/24 HPs)
             Began as a Spriggan Air Elementalist on Sept 27, 2020.
             Killed by nerve-wracking pain
             ... invoked by an orc priest
              (11 damage)
             ... on level 3 of the Dungeon.
             The game lasted 00:03:54 (2165 turns).

Lanoc the Ducker (Spriggan Air Elementalist)        Turns: 2165, Time: 00:03:55

Health: -5/24      AC:  4    Str:  4    XL:     5   Next: 17%
Magic:  3/10       EV: 20    Int: 17    God:
Gold:   109        SH:  0    Dex: 17    Spells: 8/9 levels left

rFire    . . .     SeeInvis +   j - +3 quarterstaff (chaos)
rCold    . . .     Faith    .   (shield currently unavailable)
rNeg     . . .     Spirit   .   a - +0 robe
rPois    .         Reflect  .   (helmet restricted)
rElec    .         Harm     .   k - +1 cloak {rCorr}
rCorr    +         Rampage  .   (gloves unavailable)
MR       .....                  (boots unavailable)
Stlth    ++........             (no amulet)
HPRegen  0.08/turn              (no ring)
MPRegen  0.12/turn              (no ring)

@: very quick
A: very small, unfitting armour, see invisible, speed 3
a: no special abilities


You were on level 3 of the Dungeon.
You visited 1 branch of the dungeon, and saw 3 of its levels.

You collected 109 gold pieces.

Inventory:

Hand Weapons
 j - a +3 quarterstaff of chaos (weapon)
Armour
 a - a +0 robe (worn)
 k - a +1 cloak of preservation (worn)
Scrolls
 b - a scroll of blinking {unknown}
 c - 2 scrolls of teleportation {unknown}
 e - 2 scrolls of amnesia {unknown}
 g - 2 scrolls of enchant weapon {unknown}
 h - 4 scrolls of remove curse {unknown}
Potions
 d - a potion of curing
 f - a potion of stabbing {unknown}
 i - a potion of haste {unknown}


   Skills:
 + Level 5.1 Dodging
 - Level 3.0 Stealth
 - Level 2.6 Spellcasting
 - Level 0.6 Conjurations
 * Level 4.7 Air Magic


You had 8 spell levels left.
You knew the following spells:

 Your Spells              Type           Power        Failure   Level
a - Shock                 Conj/Air       ##..         6%          1

Your spell library contained the following spells:

 Spells                   Type           Power        Failure   Level
 Swiftness                Air            ###.....     4%          2
 Static Discharge         Conj/Air       ##......     19%         3
 Airstrike                Air            ###.......   26%         4
 Lightning Bolt           Conj/Air       ##........   86%         5


Dungeon Overview and Level Annotations

Branches:
Dungeon (3/15)

Altars:


Innate Abilities, Weirdness & Mutations

You are very small and have problems with some larger weapons.
You are too small for most types of armour.
You have supernaturally acute eyesight. (SInv)
You cover ground extremely quickly.


Message History

You start resting.
An orc priest is nearby!
An orc priest is nearby!
You catch the helpless orc priest completely off-guard!
You hit the orc priest.
The orc priest is poisoned.
The orc priest is lightly wounded.
The orc priest misses you.
The orc priest casts a cantrip, but nothing happens.
You hit the orc priest.
The orc priest is moderately wounded.
An adder comes into view.
The orc priest mumbles some strange prayers to Beogh against you.
Beogh smites you!
Ouch! That really hurt!
* * * LOW HITPOINT WARNING * * *
You barely miss the orc priest.
The orc priest is heavily wounded.
The orc priest mumbles some strange prayers to Beogh against you.
Pain shoots through your body!
You die...

###. ... #.. ...
#.# ####S#
#######.# ....#
#.......#####...#
#.###.....?.#...#
##'###.......#...#
...)##.)..$)†...o#
....########†...@#
....# #)...$.#
....# #......#
....# #......#
..### #......# #.#
#...#### #.# #####
#.# #.#


You could see an orc priest (poisoned) and an adder (wandering).

Vanquished Creatures
  Crazy Yiuf (D:2)
  An orc wizard (D:3)
  6 adders (D:2)
  A worm (D:3)
  2 leopard geckos
  2 orcs (D:3)
  4 bats
  2 giant cockroaches
  5 goblins
  7 hobgoblins
  5 jackals
  A frilled lizard (D:2)
  4 rats
41 creatures vanquished.

Notes
Turn   | Place    | Note
-------+----------+-------------------------------------------
     0 | D:1      | Lanoc the Spriggan Air Elementalist began the quest for the
                  | Orb.
     0 | D:1      | Reached XP level 1. HP: 9/9 MP: 5/5
   132 | D:1      | Reached XP level 2. HP: 13/13 MP: 0/6
   605 | D:2      | Reached XP level 3. HP: 16/16 MP: 2/8
   697 | D:2      | Reached skill level 4 in Dodging
  1001 | D:2      | Found a runed translucent door.
  1002 | D:2      | Noticed Crazy Yiuf
  1041 | D:2      | Reached XP level 4. HP: 21/21 MP: 0/9
  1815 | D:2      | Killed Crazy Yiuf
  2130 | D:3      | Reached skill level 5 in Dodging
  2130 | D:3      | Reached XP level 5. HP: 17/24 MP: 0/10
  2165 | D:3      | Killed from afar by an orc priest

Illustrated notes

Levels and vault maps discovered:
D:1:      dpeg_arrival_rooms_with_view, layout_loops_ring,
          kennysheep_pointless_box
D:2:      layout_loops_ring, uniq_crazy_yiuf_cottage
D:3:      layout_basic, uniq_ijyb

Skill      XL: |  1  2  3  4 |
---------------+-------------+-----
Air Magic      | 3 4 |  4.7
Dodging        | 4 5 |  5.1
Stealth        | |  3.0
Spellcasting   | |  2.6
Conjurations   | |  0.6

Action                   |  1- 3 |  4- 6 || total
-------------------------+-------+-------++-------
Melee: Quarterstaff      |       |     9 ||     9
       Unarmed           |       |     1 ||     1
 Cast: Shock             |    64 |    48 ||   112
  Use: Potion            |     1 |       ||     1
 Stab: Paralysed         |       |     1 ||     1
       Distracted        |       |     1 ||     1
Dodge: Dodged            |     9 |    13 ||    22

Table legend: (Time is in decaauts)
 A = Elapsed time spent in this place.
 B = Non-inter-level travel time spent in this place.
 C = Inter-level travel time spent in this place.
 D = Time resting spent in this place.
 E = Time spent auto-exploring this place.
 F = Levels seen in this place.
 G = Mean time per level.
                   A        B        C        D        E       F      G
               +--------+--------+--------+--------+--------+-----+--------+
         Total |   1762 |   1728 |     34 |     18 |   1442 |   3 |  587.3 |
       Dungeon |   1762 |   1728 |     34 |     18 |   1442 |   3 |  587.3 |
               +--------+--------+--------+--------+--------+-----+--------+

Top non-repeatable levels by time:
     D:2: 1258 daAuts
     D:1: 299 daAuts
     D:3: 204 daAuts
